 Dungeon Sprint DCSS version 0.30-a0-632-g346586fe48 (webtiles) character file.

Game seed: 12644431901581256672

863 Darkkill the Basher (level 7, 0/69 HPs)
             Began as a Minotaur Wanderer on Jan 13, 2023.
             Was an Initiate of Gozag.
             Slain by an efreet
             ... wielding a +0 scimitar of flaming
              (2 damage)
             ... in the Dungeon (Sprint VII: "The Pits").
             The game lasted 00:02:41 (618 turns).

Darkkill the Basher (Minotaur Wanderer)              Turns: 618, Time: 00:02:41

Health: 0/69       AC: 12    Str: 20    XL:     7   Next: 72%
Magic:  6/6        EV:  7    Int:  7    God:    Gozag
Gold:   300        SH:  0    Dex: 12    Spells: 6/6 levels left

rFire   . . .      SeeInvis .    l - +7 long sword "Kiatys" {drain, Dex+2 Stlth+}
rCold   . . .      Faith    .    (no shield)
rNeg    . . .      Spirit   .    n - +2 plate armour
rPois   .          Reflect  .    (helmet restricted)
rElec   .          Harm     .    (no cloak)
rCorr   .          Rampage  .    (no gloves)
Will    .....      NoTele   +    (no boots) Stlth
                                 (no amulet)
HPRegen 0.31/turn                (no ring)
MPRegen 0.10/turn                (no ring)

@: hasted, very quick
A: horns 2, retaliatory headbutt
a: Renounce Religion, Potion Petition, Call Merchant, Bribe Branch


You were in the Dungeon.
You worshipped Gozag.
Gozag was aware of your devotion.
You visited 1 branch You collected 1314 gold pieces.
You spent 229 gold pieces at shops.
You paid 785 gold pieces to Gozag.

Inventory:

Hand Weapons
 l - the +7 long sword "Kiatys" (weapon) {drain, Dex+2 Stlth+}
   (You bought it in a shop in the Dungeon)

   Dex:       It affects your dexterity (+2).
   Stlth:     It makes you more stealthy.
Missiles
 b - 10 stones (quivered)
 e - 7 poisoned darts
Armour
 n - a +2 plate armour (worn)
Wands
 m - a wand of roots (3)
Scrolls
 c - 5 scrolls of amnesia
 d - 2 scrolls of butterflies
 k - a scroll of blinking
Potions
 a - 2 potions of invisibility
 f - 4 potions of curing {@q1}
 i - 4 potions of magic
 j - 2 potions of berserk rage


   Skills:
 + Level 8.5 Fighting
 + Level 8.6(10.4) Axes
 + Level 9.1(10.6) Maces & Flails
 + Level 7.7 Dodging
 + Level 6.3 Stealth
 + Level 8.6 Shields


You had 6 spell levels left.
You didn't know any spells.
Your spell library was empty.

Dungeon Overview and Level Annotations

Branches:
Dungeon (1/1)

Altars:
Ashenzari
Cheibriados
Dithmenos
Elyvilon
Fedhas
Gozag
Hepliaklqana
Kikubaaqudgha
Makhleb
Nemelex Xobeh
Okawaru
Qazlal
Ru
Sif Muna
Trog
Uskayaw
Vehumet
Wu Jian
Xom
Yredelemnul
Zin
The Shining One
Jiyva
Lugonu

Shops:
D (


Innate Abilities, Weirdness & Mutations

You have a pair of horns on your head.
You reflexively headbutt those who attack you in melee.


Message History

a +1 dagger of holy wrath; a +0 robe
There is an open door here.
You see here a +3 quarterstaff of protection.
There is an open door here.
There is an open door here.
You see here a +3 quarterstaff of protection.
Things that are here:
a +1 dagger of holy wrath; a +0 robe
There is an open door here.
Items here: )) [[.
Things that are here:
a +1 dagger of holy wrath; a +0 robe
There is an open door here.
You see here a +3 quarterstaff of protection.
There is an open door here.
There is an entrance to Uttud's Antique Weapon Emporium here.
There is an open door here.
There is an open door here.
You see here a +3 quarterstaff of protection.
Things that are here:
a +1 dagger of holy wrath; a +0 robe You start resting.
HP restored.
You open the door. 4 orcs, an efreet and a redback come into view.
An orc is wielding a +1 hand axe of venom.
The efreet is wielding a +0 scimitar of flaming.
The orc priest shouts!
The orc shouts! x2
The orc priest invokes the aid of Beogh against you.
Beogh smites you!
There is an open door here.
You see here a +3 quarterstaff of protection.
The redback attacks as you move away! The redback bites you.
You are poisoned.
The redback poisons you!
You feel extremely sick.
You slash the redback! You headbutt the redback.
The redback is severely wounded.
You feel extremely sick. The redback bites you!
The redback bites you but does no damage.
You feel better.
The redback bites you but does no damage.
The redback bites you!
You slash the redback! You drain the redback.
You kill the redback!
The efreet gestures at you.
The fireball explodes!
The fireball engulfs you!
* * * LOW HITPOINT WARNING * * *
Your base Maces & Flails skill increases to level 9!
You feel much better.
The orc priest hits you but does no damage.
You feel much better.
The orc priest mumbles some strange prayers to Beogh against you.
Pain shoots through your body!
You hit the orc priest.
The orc priest is moderately wounded.
The orc priest hits you with a +0 club. x2
You barely miss the orc priest.
The orc priest is moderately wounded.
The orc priest barely misses you.
You slash the orc priest!
You kill the orc priest!
The efreet hits you with a +0 scimitar of flaming.
The efreet burns you.
You hit the efreet.
You headbutt the efreet, but do no damage.
The efreet is lightly wounded.
The efreet hits you with a +0 scimitar of flaming!
The efreet burns you.
You hit the efreet but do no damage.
The efreet is lightly wounded.
The efreet gestures at you.
The fireball explodes!
The fireball engulfs you!
* * * LOW HITPOINT WARNING * * *
The fireball engulfs the efreet.
The efreet completely resists.
The orc wizard gestures wildly while chanting.
The orc wizard flickers and vanishes!
Deactivating autopickup; reactivate with Ctrl-A.
You feel much better. The efreet gestures at you.
The fireball explodes!
The fireball engulfs you!!
* * * LOW HITPOINT WARNING * * *
The fireball engulfs the efreet.
The efreet completely resists.
You feel much better.
The efreet hits you with a +0 scimitar of flaming.
The efreet burns you.
You slash the efreet!
You headbutt the efreet, but do no damage.
The efreet is moderately wounded.
The efreet barely misses you. The efreet gestures at you.
The fireball explodes!
The fireball engulfs you!!
* * * LOW HITPOINT WARNING * * *
The fireball engulfs the efreet.
The efreet completely resists.
You feel yourself speed up.
The efreet hits you with a +0 scimitar of flaming!
* * * LOW HITPOINT WARNING * * *
The efreet burns you.
You die...
Your body crumbles into a pile of gold.

#)#........##.......#
#)###########.......#
#)......#.. #########
#.###...#.# ####
#.#.....#.#....#
#.#.∩.#.#)#....#
#.....#.#)oo.○○+
#...###.#R#☼...#
#.......'@# s..#
########### ###


You could see an efreet and an orc.

Vanquished Creatures
  A redback (D)
  Duvessa (D)
  A wolf (D)
  A kobold brigand (D)
  Blork the orc (D)
  A scorpion (D)
  5 wights (D)
  Dowan (D)
  An orc priest (D)
  A gnoll (D)
  A white imp (D)
  2 ufetubi (D)
  An adder zombie (D)
  An endoplasm (D)
  A goblin (D)
  A hobgoblin (D)
  2 jackals (D)
  A quokka (D)
  A bat (D)
  2 frilled lizards (D)
27 creatures vanquished.

Notes
Turn   | Place    | Note
-------+----------+-------------------------------------------
     0 | D        | Darkkill the Minotaur Wanderer began the quest for the Orb.
     0 | D        | Darkkill set off with the following items: a +2 mace, a +0
                  | hand axe, a +0 buckler, a scroll of butterflies, a +0
                  | leather armour, a potion of curing {@q1}, a potion of heal
                  | wounds, a potion of haste, 2 potions of magic, a potion of
                  | berserk rage, a scroll of blinking.
     0 | D        | Reached XP level 1. HP: 16/16 MP: 0/0
    18 | D        | Reached skill level 4 in Maces & Flails
    18 | D        | Reached XP level 2. HP: 10/24 MP: 1/1
    55 | D        | Found a bloodstained altar of Trog.
    55 | D        | Found a shimmering blue altar of Sif Muna.
    55 | D        | Found a viscous altar of Jiyva.
    55 | D        | Found a hazy altar of Hepliaklqana.
    55 | D        | Found an opulent altar of Gozag.
    56 | D        | Found a glowing golden altar of the Shining One.
    56 | D        | Found a glowing silver altar of Zin.
    56 | D        | Found a basalt altar of Yredelemnul.
    56 | D        | Found a shimmering altar of Xom.
    56 | D        | Found an ornate altar of the Wu Jian Council.
    56 | D        | Found a sacrificial altar of Ru.
    56 | D        | Found a stormy altar of Qazlal.
    56 | D        | Found an iron altar of Okawaru.
    56 | D        | Found a sparkling altar of Nemelex Xobeh.
    56 | D        | Found a burning altar of Makhleb.
    56 | D        | Found a blossoming altar of Fedhas.
    56 | D        | Found a white marble altar of Elyvilon.
    56 | D        | Found a shadowy altar of Dithmenos.
    56 | D        | Found a snail-covered altar of Cheibriados.
    58 | D        | Found a radiant altar of Vehumet.
    58 | D        | Found a corrupted altar of Lugonu.
    59 | D        | Found a hide-covered altar of Uskayaw.
    59 | D        | Found an ancient bone altar of Kikubaaqudgha.
    59 | D        | Found a broken altar of Ashenzari.
    63 | D        | Became a worshipper of Gozag Ym Sagoz the Greedy
   104 | D        | Noticed a scorpion
   110 | D        | Killed a scorpion
   111 | D        | Reached skill level 5 in Maces & Flails
   111 | D        | Reached XP level 3. HP: 13/33 MP: 2/2
   111 | D        | Reached XP level 4. HP: 16/40 MP: 3/3
   224 | D        | Noticed a wolf
   229 | D        | Killed a wolf
   230 | D        | Reached skill level 5 in Fighting
   230 | D        | Reached skill level 5 in Axes
   230 | D        | Reached skill level 6 in Maces & Flails
   230 | D        | Reached skill level 5 in Shields
   230 | D        | Reached XP level 5. HP: 33/48 MP: 4/4
   404 | D        | Reached skill level 5 in Dodging
   411 | D        | Reached skill level 7 in Maces & Flails
   411 | D        | Reached XP level 6. HP: 58/58 MP: 5/5
   415 | D        | Reached skill level 5 in Stealth
   416 | D        | Noticed Blork the orc
   422 | D        | Killed Blork the orc
   423 | D        | Reached skill level 8 in Maces & Flails
   473 | D        | Bought a brightly glowing long sword for 229 gold pieces
   473 | D        | Identified the +7 long sword "Kiatys" {drain, Dex+2 Stlth+}
                  | (You bought it in a shop in the Dungeon)
   492 | D        | Noticed Duvessa
   492 | D        | Noticed Dowan
   499 | D        | Reached XP level 7. HP: 37/66 MP: 6/6
   502 | D        | Killed Duvessa
   511 | D        | Killed Dowan
   602 | D        | Noticed an efreet
   602 | D        | Noticed a redback
   607 | D        | Killed a redback
   608 | D        | Reached skill level 9 in Maces & Flails
   614 | D        | HP: 8/69 [efreet/fireball (16)]
   618 | D        | HP: 2/69 [efreet/+0 scimitar of flaming (7)]
   618 | D        | Slain by an efreet

Illustrated notes

Levels and vault maps discovered:
D:        pitsprint [storerooms_1, entrance_room_1, metal_vault_1, armoury_2,
          mini_pit_1, grid_room_1, main_hall_1, silver_pit, the_coven_2,
          the_vestibule_1, steel_vault_1, golden_pit, hallway_of_sentries,
          crystal_vault_4, iron_vault_4, final_vault]

Skill      XL: |  1  2  3  4  5  6  7 |
---------------+----------------------+-----
Fighting       | 2 3 5 6 7 8 |  8.5
Axes           | 3 4 5 6 7 8 |  8.6
Maces & Flails | 4 5 6 7 8 9 |  9.1
Dodging        | 2 3 4 5 6 7 |  7.7
Shields        | 3 4 5 6 7 8 |  8.6
Stealth        | 3 4 5 6 |  6.3

Action                   |  1- 3 |  4- 6 |  7- 9 || total
-------------------------+-------+-------+-------++-------
Melee: Mace              |     5 |       |       ||     5
       Headbutt          |     3 |    10 |     6 ||    19
       Quarterstaff      |     6 |    36 |       ||    42
       Long sword        |       |     5 |    19 ||    24
       Punch             |       |       |     1 ||     1
Invok: Call Merchant     |       |     1 |       ||     1
  Use: Potion            |       |     3 |     7 ||    10
Armor: Leather armour    |     1 |     6 |       ||     7
       Plate armour      |       |    17 |     8 ||    25
Dodge: Dodged            |    10 |    36 |     5 ||    51

Table legend: (Time is in decaauts)
 A = Elapsed time spent in this place.
 B = Non-inter-level travel time spent in this place.
 C = Inter-level travel time spent in this place.
 D = Time resting spent in this place.
 E = Time spent auto-exploring this place.
 F = Levels seen in this place.
 G = Mean time per level.
                   A        B        C        D        E       F      G
               +--------+--------+--------+--------+--------+-----+--------+
         Total |    642 |    612 |     30 |    255 |      8 |   1 |  642.0 |
       Dungeon |    642 |    612 |     30 |    255 |      8 |   1 |  642.0 |
               +--------+--------+--------+--------+--------+-----+--------+

Top non-repeatable levels by time:
       D: 642 daAuts

Table legend:
 A = Kills in this place as a percentage of kills in entire the game.
 B = Kills by you in this place as a percentage of kills by you in the entire game.
 C = Kills by friends in this place as a percentage of kills by friends in the entire game.
 D = Other kills in this place as a percentage of other kills in the entire game.
 E = Experience gained in this place as a percentage of experience gained in the entire game.
 F = Experience gained in this place divided by the number of levels of this place that you have seen.
                   A       B       C       D       E      F
               +-------+-------+-------+-------+-------+----------------------
         Total | 100.0 | 100.0 |   N/A |   N/A | 100.0 | 1234.0
       Dungeon | 100.0 | 100.0 |   N/A |   N/A | 100.0 | 1234.0
               +-------+-------+-------+-------+-------+----------------------
